 Dungeon Crawl Stone Soup version 0.30-a0-34-gbe8da3892a (webtiles) character file.

Game seed: 5018550935750761558

3322 ytrimaz the Transmogrifier (level 10, 0/64 (69) HPs)
             Began as an Octopode Transmuter on Aug 27, 2022.
             Was an Initiate of Ashenzari.
             Slain by Joseph
             ... wielding a +2 quarterstaff of draining
              (16 damage)
             ... on level 8 of the Dungeon.
             The game lasted 00:10:48 (9768 turns).

ytrimaz the Transmogrifier (Octopode Transmuter)    Turns: 9768, Time: 00:10:49

HP:   0/64 (69)     AC:  8    Str: 10    XL:     10   Next: 2%
MP:   30/31         EV: 14    Int: 19    God:    Ashenzari [......]
Gold: 493           SH:  0    Dex: 13    Spells: 10/25 levels left

rFire   x . .      SeeInvis .      - Unarmed
rCold   + + +      Faith    .    (shield currently unavailable)
rNeg    . . .      Spirit   .    (helmet currently unavailable)
rPois   +          Reflect  .    (no amulet)
rElec   .          Harm     .    f - ring of the Eternal Seer {EV+4, Elem, Cun} (curse)
rCorr   .          Rampage  .    e - ring of protection from cold
Will    .....                    i - ring of magical power
Stlth   +.........               s - +4 ring of slaying
HPRegen 0.20/turn                (no ring)
MPRegen 0.22/turn                (no ring)
                                 (no ring)
                                 (no ring)

@: ice-form, marked, drained
A: freezing attack, boosted hp, almost no armour, amphibious, 8 rings, large,
(camouflage 1), (gelatinous body 1), (nimble swimmer 1), (tentacles)
a: End Transformation, Renounce Religion, Curse Item, Shatter the Chains


You were on level 8 of the Dungeon.
You worshipped Ashenzari.
Ashenzari was noncommittal.
You were a creature of crystalline ice.
You visited 1 branch of the dungeon, and saw 8 of its levels.
You also visited: Ossuary.

You collected 493 gold pieces.

Inventory:

Jewellery
 e - a ring of protection from cold (right front paw)
 f - the cursed ring of the Eternal Seer (left front paw) {EV+4, Elem, Cun}
   (You found it on level 2 of the Dungeon)

   [ring of evasion]

   EV:        It affects your evasion (+4).
   It has a curse which improves the following skills: Elements: Fire Magic, Ice
   Magic, Air Magic and Earth Magic.
   Cunning:   Dodging and Stealth.
 i - a ring of magical power (on tentacle)
 q - a ring of ice
 s - a +4 ring of slaying (on tentacle)
Wands
 l - a wand of digging (2)
 o - a wand of charming (4)
 u - a wand of roots (7)
 v - a wand of flame (20)
Scrolls
 g - 2 scrolls of enchant armour
 j - a scroll of teleportation
 p - 2 scrolls of amnesia
 t - a scroll of noise
 w - 3 scrolls of poison
 x - a scroll of magic mapping
 y - 2 scrolls of identify
Potions
 a - 3 potions of lignification
 b - 5 potions of attraction
 c - 5 potions of curing
 h - 4 potions of haste
 k - 2 potions of cancellation
 n - 3 potions of mutation
 r - a potion of magic


   Skills:
 - Level 1.0 Fighting
 - Level 2.0(2.3) Dodging
 - Level 4.1 Unarmed Combat
 + Level 8.3 Spellcasting
 + Level 9.0 Transmutations
 - Level 3.6(4.1) Ice Magic
 - Level 4.0 Poison Magic


You had 10 spell levels left.
You knew the following spells:

 Your Spells              Type           Power      Damage    Failure   Level
a - Beastly Appendage     Tmut           84%        N/A       1%          1
b - Wereblood             Tmut           42%        N/A       1%          2
c - Spider Form           Tmut/Pois      32%        N/A       1%          3
d - Ice Form              Ice/Tmut       32%        N/A       6%          4
e - Yara's Violent Unrav  Hex/Tmut       12%        3d7       36%         5

Your spell library contained the following spells:

 Spells                   Type           Power      Damage    Failure   Level
 Passwall                 Tmut/Erth      20%        N/A       1%          2
 Ensorcelled Hibernation  Hex/Ice        30%        N/A       6%          2
 Apportation              Tloc           14%        N/A       9%          1
 Necrotise                Necr           28%        1d5       9%          1
 Sandblast                Erth           16%        2d6       9%          1
 Slow                     Hex            28%        N/A       9%          1
 Summon Small Mammal      Summ           28%        N/A       9%          1
 Confusing Touch          Hex            7%         N/A       26%         3
 Swiftness                Air            8%         N/A       26%         3
 Vampiric Draining        Necr           7%         2d6       26%         3
 Agony                    Necr           7%         N/A       94%         5
 Dispersal                Tloc           3%         N/A       100%        6
 Enfeeble                 Hex            3%         N/A       100%        7
 Disjunction              Tloc           3%         N/A       100%        8


Dungeon Overview and Level Annotations

Branches:
Dungeon (8/15)             Temple (0/1) D:4         Ossuary (visited)
   Lair: D:8-11

Altars:
Ashenzari
Dithmenos
Gozag
Makhleb
Okawaru
Ru
Uskayaw
Vehumet
Yredelemnul
The Shining One

Annotations:
D:8 Joseph


Innate Abilities, Weirdness & Mutations

You are a creature of crystalline ice.
You have a powerful freezing melee attack.
Your maximum health is increased.
Your armour is entirely melded.
You are incapable of wielding weapons or throwing items.
You cannot wear most types of armour.
You are amphibious.
You can wear up to eight rings at the same time.
((Your skin changes colour to match your surroundings (Stealth+).))
((Your rubbery body absorbs attacks. (AC +1, EV +1)))
((You are camouflaged when in or above water. (Stealth+)))
((You have tentacles for arms and can constrict up to eight enemies at once.))


Message History

You barely miss the white imp. The white imp hits you.
The white imp freezes you. You resist.
You punch the white imp! You freeze the white imp.
You kill the white imp!
A bullfrog comes into view.
Joseph unwields a +0 sling.
Joseph wields a +2 quarterstaff of draining.
You sense an unholy aura.
Joseph barely misses you.
You punch Joseph! You freeze Joseph.
Joseph is moderately wounded.
You hit Joseph. You freeze Joseph.
Joseph is moderately wounded.
Joseph hits you with a +2 quarterstaff of draining!
You feel drained. The bullfrog barely misses you.
You completely miss Joseph.
Joseph is moderately wounded.
The bullfrog barely misses you.
Joseph hits you with a +2 quarterstaff of draining!
You feel drained.
You barely miss Joseph.
Joseph is moderately wounded.
The bullfrog completely misses you.
Joseph drinks a potion.
Joseph suddenly seems more resistant.
The bullfrog hits you.
Unknown command.
You punch Joseph! You freeze Joseph.
Joseph is severely wounded.
The bullfrog misses you. Joseph misses you.
You hit Joseph.
Joseph is severely wounded.
The bullfrog hits you.
Joseph hits you with a +2 quarterstaff of draining!
You feel drained.
* * * LOW HITPOINT WARNING * * *
The bullfrog barely misses you.
You hit Joseph. You freeze Joseph.
Joseph is severely wounded.
The bullfrog hits you.
* * * LOW HITPOINT WARNING * * *
Joseph hits you with a +2 quarterstaff of draining!
You die...

#.##..#.# ##.##..#.
....... #.##..#
####.##..#
......#..#######
###...........
#..YF.....##.#
##......##@#.#.#.#.#
.....#####.#......[#
###.@.....#.#.....#
#########.......#.###
###..<.......
###.##.......
#))....######
#)#.##.#


You could see Joseph (resistant) and a bullfrog.

Vanquished Creatures
  Pikel (D:6)
  A steam dragon (D:6)
  2 water moccasins
  5 ice beasts
  An orc warrior (D:8)
  A centaur (D:7)
  A phantom (D:6)
  2 lemures (D:6)
  A kobold brigand (D:7)
  2 bullfrogs
  A necrophage (D:6)
  6 scorpions
  3 water moccasin zombies
  A wight (Ossuary)
  A howler monkey (D:7)
  A bullfrog zombie (D:5)
  2 centaur zombies
  A gnoll bouda (D:7)
  2 hounds (D:5)
  A jelly (D:7)
  3 iguanas
  Ijyb (D:5)
  9 orc wizards
  A scorpion zombie (D:5)
  A hound zombie (D:5)
  A howler monkey zombie (D:5)
  14 gnolls
  8 adders
  2 white imps
  An adder zombie (Ossuary)
  4 worms
  2 dart slugs
  19 orcs
  5 ball pythons
  6 bats
  9 endoplasms
  4 giant cockroaches
  4 gnoll zombies (Ossuary)
  7 goblins
  5 hobgoblins
  6 jackals (D:1)
  4 quokkas
  5 frilled lizards
  6 goblin zombies (Ossuary)
  5 hobgoblin zombies (Ossuary)
  14 kobolds
  2 orc zombies (Ossuary)
  A rat (D:2)
185 creatures vanquished.

Notes
Turn   | Place    | Note
-------+----------+-------------------------------------------
     0 | D:1      | ytrimaz the Octopode Transmuter began the quest for the
                  | Orb.
     0 | D:1      | Reached XP level 1. HP: 13/13 MP: 3/3
   394 | D:1      | Reached XP level 2. HP: 18/18 MP: 3/5
  1007 | D:1      | Reached XP level 3. HP: 23/23 MP: 6/6
  1015 | D:1      | Learned a level 2 spell: Wereblood
  1019 | D:1      | Learned a level 3 spell: Spider Form
  1414 | D:1      | Found a faded altar of an unknown god.
  1424 | D:1      | Got Plato's Teachings on Silt
  1830 | D:2      | Found a burning altar of Makhleb.
  1838 | D:2      | Reached skill level 1 in Poison Magic
  2172 | D:2      | Reached XP level 4. HP: 11/28 MP: 7/7
  2892 | D:3      | Found an opulent altar of Gozag.
  3056 | D:3      | Found a glowing golden altar of the Shining One.
  3322 | D:3      | HP: 1/28 [poisoned by a kobold]
  3698 | D:3      | Reached XP level 5. HP: 33/33 MP: 9/9
  4059 | D:4      | Found a staircase to the Ecumenical Temple.
  4118 | D:4      | Found a sacrificial altar of Ru.
  4153 | D:4      | Reached skill level 3 in Transmutations
  4449 | D:4      | Found a sand-covered staircase.
  4454 | Ossuary  | Entered an ossuary
  4610 | Ossuary  | Reached XP level 6. HP: 27/38 MP: 11/11
  4793 | Ossuary  | Reached skill level 4 in Transmutations
  4982 | Ossuary  | Reached XP level 7. HP: 43/43 MP: 13/13
  4982 | Ossuary  | Noticed a silent spectre
  5026 | Ossuary  | Learned a level 4 spell: Ice Form
  5208 | D:4      | Found a broken altar of Ashenzari.
  5256 | D:4      | Became a worshipper of Ashenzari the Shackled
  5782 | D:4      | Found a shadowy altar of Dithmenos.
  5866 | D:5      | Entered Level 5 of the Dungeon
  6005 | D:5      | Noticed Ijyb
  6012 | D:5      | Killed Ijyb
  6327 | D:5      | Reached skill level 5 in Spellcasting
  6327 | D:5      | Reached skill level 5 in Transmutations
  6700 | D:5      | Learned a level 5 spell: Yara's Violent Unravelling
  6706 | D:5      | Reached XP level 8. HP: 45/48 MP: 15/15
  6940 | D:5      | Reached skill level 1 in Ice Magic
  6959 | D:5      | Reached skill level 6 in Transmutations
  6960 | D:5      | Found a basalt altar of Yredelemnul.
  7752 | D:6      | Noticed Pikel
  7795 | D:6      | Killed Pikel
  7796 | D:6      | Reached skill level 7 in Transmutations
  7796 | D:6      | Reached XP level 9. HP: 33/53 MP: 19/19
  8594 | D:7      | Found Rechuol's General Store.
  8720 | D:7      | Found a hide-covered altar of Uskayaw.
  8725 | D:7      | Reached skill level 8 in Transmutations
  9015 | D:7      | Found a radiant altar of Vehumet.
  9083 | D:7      | Found an iron altar of Okawaru.
  9561 | D:8      | Reached skill level 9 in Transmutations
  9561 | D:8      | Reached XP level 10. HP: 47/58 MP: 22/22
  9751 | D:8      | Noticed Joseph
  9768 | D:8      | Slain by Joseph

Illustrated notes

Levels and vault maps discovered:
D:1:      dpeg_arrival_boxes_within_box, layout_basic,
          shapermc_ecumenical_altar_rom_forum
D:2:      layout_rooms, basic_altar, roderic_nine_men_s_morris
D:3:      layout_basic, tso_metal_star, mainiacjoe_overflow_24_doors,
          st_stairs_4, grunt_ministairs_6
D:4:      layout_cave_pods, ashenzari_conservatory_becter,
          mainiacjoe_overflow_six_doors_small, grunt_dithmenos_smoke,
          minmay_temple_entry_stoned_glass, enter_ossuary_2
D:5:      layout_loops_cross, nicolae_yredelemnul_corpse_copse, uniq_ijyb
D:6:      layout_cave_pools, uniq_pikel
D:7:      kennysheep_spiral_hall, layout_loops_ring,
          eat_drink_and_be_merry_uskayaw, general_overflow_altar,
          nicolae_vehumet_altar_sigil, serial_shops, nicolae_lakefront_shop
D:8:      gammafunk_cloud_chamber, layout_loops_cross, marbit_many_paths,
          uniq_joseph

Skill      XL: |  1  2  3  4  5  6  7  8  9 |
---------------+----------------------------+-----
Unarmed Combat | 4 |  4.1
Poison Magic   | 1 2 3 4 |  4.0
Transmutations | 3 4 5 7 9 |  9.0
Spellcasting   | 3 4 5 6 8 |  8.3
Ice Magic      | 3 |  3.6
Fighting       | |  1.0
Dodging        | |  2.0

Action                   |  1- 3 |  4- 6 |  7- 9 | 10-12 || total
-------------------------+-------+-------+-------+-------++-------
Melee: Unarmed           |    80 |   156 |   277 |    14 ||   527
       Tentacles         |    15 |    26 |     2 |       ||    43
       Constrict         |    20 |    30 |     4 |       ||    54
       Kick              |    20 |    25 |     4 |       ||    49
       Punch             |     3 |     3 |       |       ||     6
 Cast: Beastly Appendage |    21 |    16 |     4 |       ||    41
       Spider Form       |       |     7 |    15 |       ||    22
       Wereblood         |       |     4 |     6 |       ||    10
       Ice Form          |       |       |    19 |     1 ||    20
Invok: Curse Item        |       |       |     1 |       ||     1
  Use: Scroll            |     2 |     5 |    14 |       ||    21
       Potion            |       |     1 |     8 |       ||     9
 Stab: Sleeping          |     7 |     2 |       |       ||     9
       Invisible         |       |       |     1 |       ||     1
Armor: Skin              |     5 |    11 |    66 |     3 ||    85
Dodge: Dodged            |    65 |   139 |   211 |     8 ||   423

Table legend: (Time is in decaauts)
 A = Elapsed time spent in this place.
 B = Non-inter-level travel time spent in this place.
 C = Inter-level travel time spent in this place.
 D = Time resting spent in this place.
 E = Time spent auto-exploring this place.
 F = Levels seen in this place.
 G = Mean time per level.
                   A        B        C        D        E       F      G
               +--------+--------+--------+--------+--------+-----+--------+
         Total |   9737 |   9513 |    224 |    712 |   7101 |   9 | 1081.9 |
       Dungeon |   9167 |   8943 |    224 |    360 |   7098 |   8 | 1145.9 |
       Ossuary |    569 |    569 |      0 |    352 |      3 |   1 |  569.0 |
               +--------+--------+--------+--------+--------+-----+--------+

Top non-repeatable levels by time:
     D:1: 1732 daAuts
     D:5: 1429 daAuts
     D:4: 1424 daAuts
     D:3: 1224 daAuts
     D:7: 1182 daAuts
     D:6: 1025 daAuts
     D:2: 893 daAuts
 Ossuary: 569 daAuts
     D:8: 255 daAuts
